 Dungeon Crawl Stone Soup version 0.23.2-33-g5129a83184 (webtiles) character file.

Game seed: 9173971579897799123

86 Derp the Grave Robber (level 4, -3/30 HPs)
             Began as a Demonspawn Necromancer on July 16, 2019.
             Was a Plaything of Xom.
             Killed by divine providence
             ... invoked by an orc priest
              (14 damage)
             ... on level 3 of the Dungeon.
             The game lasted 00:10:01 (2178 turns).

Derp the Grave Robber (Demonspawn Necromancer)      Turns: 2178, Time: 00:10:02

Health: -3/30      AC:  4    Str:  8    XL:     4   Next: 26%
Magic:  4/8        EV: 12    Int: 17    God:    Xom [.*....]
Gold:   97         SH:  0    Dex: 14    Spells: 3/8 levels left

rFire    . . .     SeeInvis .   g - +0 dagger
rCold    . . .     Gourm    .   (no shield)
rNeg     . . .     Faith    .   q - +0 robe
rPois    .         Spirit   .   (no helmet)
rElec    .         Reflect  .   i - +0 cloak
rCorr    .         Harm     .   (no gloves)
MR       .....                  j - +0 pair of boots
Stlth    ++++......             (no amulet)
HPRegen  0.10/turn              (no ring)
MPRegen  0.11/turn              (no ring)

@: no status effects
A: nightstalker 2
a: Renounce Religion


You were on level 3 of the Dungeon.
You worshipped Xom.
You were a plaything of Xom.
You were not hungry.

You visited 1 branch of the dungeon, and saw 3 of its levels.

You collected 97 gold pieces.

Inventory:

Hand Weapons
 g - a +0 dagger (weapon)
Armour
 i - a +0 cloak (worn)
 j - a +0 pair of boots (worn)
 q - a +0 robe (worn)
Jewellery
 l - a +5 ring of protection {unknown}
Scrolls
 b - 2 scrolls of identify {unknown}
 d - 2 scrolls of magic mapping {unknown}
 e - 4 scrolls of teleportation {unknown}
 k - 3 scrolls of immolation {unknown}
 m - a scroll of noise {unknown}
Potions
 f - a potion of might {unknown}
 h - 2 potions of heal wounds {unknown}
 n - a potion of resistance {unknown}
 o - a potion of curing {unknown}
 p - a potion of flight {unknown}
Comestibles
 c - 3 rations


   Skills:
 + Level 1.9 Dodging
 + Level 1.9 Stealth
 + Level 2.9 Spellcasting
 + Level 5.6 Necromancy


You had 3 spell levels left.
You knew the following spells:

 Your Spells              Type           Power        Failure   Level  Hunger
a - Pain                  Necr           ###.         1%          1    None
b - Animate Dead          Necr           N/A          17%         4    ####...

Your spell library contained the following spells:

 Spells                   Type           Power        Failure   Level  Hunger
 Animate Skeleton         Necr           N/A          1%          1    None
 Vampiric Draining        Necr           ###.......   5%          3    ###....
 Regeneration             Chrm/Necr      ##........   17%         3    ###....


Dungeon Overview and Level Annotations

Branches:
Dungeon (3/15)

Altars:
Ru
Xom


Innate Abilities, Weirdness & Mutations

You are significantly more attuned to the shadows.


Message History

Casting: Pain (safe; 1% risk of failure)
Confirm with . or Enter, or press ? or * to list all spells.
Aiming: Pain (safe; 1% risk of failure)
Press: ? - help, Shift-Dir - straight line, f/p - orc wizard
Aim: an orc wizard, wielding a +0 dagger and wearing a +0 robe (heavily wounded, chance to defeat MR: 80%)
The orc wizard writhes in agony.
An orc comes into view. It is wielding a -2 flail.
The orc wizard points at you and mumbles some strange words.
The magic dart hits you!
Casting: Pain (safe; 1% risk of failure)
Confirm with . or Enter, or press ? or * to list all spells.
You don't know that spell.
Unknown command.
Unknown command.
The orc wizard mumbles some strange words.
The orc wizard seems to speed up.
The orc priest mumbles some strange prayers to Beogh against you.
Beogh smites you!
You die...
Xom titters!

#
###.######################
....o.oo.@..............#.
###.###################.#†
.. .........#. ##
......####. ##(........
#.##...... .>.........
........... .#########


You could see an orc priest, an orc wizard and an orc.

Vanquished Creatures
  4 adders
  2 worms (D:2)
  2 dart slugs (D:1)
  9 bats
  A giant cockroach (D:2)
  6 goblins
  2 hobgoblins
  4 frilled lizards
  9 kobolds
  6 rats
45 creatures vanquished.

Notes
Turn   | Place    | Note
-------+----------+-------------------------------------------
     0 | D:1      | Derp the Demonspawn Necromancer began the quest for the
                  | Orb.
     0 | D:1      | Reached XP level 1. HP: 13/13 MP: 3/3
   208 | D:1      | Gained mutation: You are slightly more attuned to the
                  | shadows. [demonic ancestry]
   208 | D:1      | Reached XP level 2. HP: 10/19 MP: 3/5
   459 | D:1      | Reached skill level 5 in Necromancy
   995 | D:1      | Reached XP level 3. HP: 23/24 MP: 3/6
  1274 | D:2      | Found a faded altar of an unknown god.
  1307 | D:2      | Became a worshipper of The Xom-Meister, Xom-Xom-bo-Bom,
                  | Banana-Fana-fo-Fom
  1344 | D:2      | XOM: silly message
  1546 | D:2      | Gained mutation: You are significantly more attuned to the
                  | shadows. [demonic ancestry]
  1546 | D:2      | Reached XP level 4. HP: 23/30 MP: 2/8
  1556 | D:2      | XOM: divination: detect items
  1560 | D:2      | Learned a level 4 spell: Animate Dead
  1578 | D:2      | Found a sacrificial altar of Ru.
  1588 | D:2      | XOM: harmless Conj miscast
  1701 | D:2      | XOM: silly message
  1767 | D:2      | XOM: cloud trail
  1920 | D:2      | XOM: divination: detect creatures
  2042 | D:3      | XOM: noise
  2046 | D:3      | XOM: harmless Fire miscast
  2082 | D:3      | XOM: noise
  2155 | D:3      | XOM: mild Erth miscast
  2178 | D:3      | Killed from afar by an orc priest

Skill      XL: |  1  2 |
---------------+-------+-----
Necromancy     | 5 |  5.6
Dodging        | |  1.9
Stealth        | |  1.9
Spellcasting   | |  2.9

Action                   |  1- 3 |  4- 6 || total
-------------------------+-------+-------++-------
 Cast: Pain              |    63 |    19 ||    82
  Eat: Ration            |     1 |       ||     1
       Chunk             |     1 |       ||     1
Armor: Robe              |     7 |       ||     7
Dodge: Dodged            |    18 |     2 ||    20
